 Dungeon Crawl Stone Soup version 0.28.0 (webtiles) character file.

Game seed: 15389645793472176968

212 bande the Covered (level 5, 0/33 HPs)
             Began as a Gargoyle Fighter on Feb 16, 2022.
             Killed from afar by Natasha (2 damage)
             ... with a magic dart
             ... on level 4 of the Dungeon.
             The game lasted 00:06:14 (4489 turns).

bande the Covered (Gargoyle Fighter)                Turns: 4489, Time: 00:06:15

Health: 0/33       AC: 17    Str: 19    XL:     5   Next: 90%
Magic:  5/5        EV:  7    Int:  9    God:
Gold:   177        SH:  4    Dex: 11    Spells: 4/4 levels left

rFire   + . .      SeeInvis .   a - +0 war axe
rCold   . . .      Faith    .   c - +0 buckler
rNeg    + . .      Spirit   .   l - +0 chain mail
rPois   ∞          Reflect  .   (no helmet)
rElec   +          Harm     .   (no cloak)
rCorr   .          Rampage  .   (no gloves)
Will    .....                   (no boots)
Stlth   ..........              (no amulet)
HPRegen 0.11/turn               g - +4 ring of protection
MPRegen 0.09/turn               o - ring of protection from fire

@: slowed, very slow
A: sickness immunity, AC +4, negative energy resistance 1, electricity
resistance, torment resistance 1, petrification resistance
a: no special abilities


You were on level 4 of the Dungeon.
You visited 1 branch of the dungeon, and saw 4 of its levels.

You collected 177 gold pieces.

Inventory:

Hand Weapons
 a - a +0 war axe (weapon)
 k - a +0 flail
Armour
 c - a +0 buckler (worn)
 l - a +0 chain mail (worn)
Jewellery
 b - a ring of protection from cold
 g - a +4 ring of protection (left hand)
 o - a ring of protection from fire (right hand)
Wands
 e - a wand of paralysis (13)
Scrolls
 m - a scroll of teleportation
Potions
 d - a potion of might
 h - 2 potions of curing
 i - a potion of cancellation


   Skills:
 + Level 3.8 Fighting
 + Level 3.6 Axes
 + Level 4.4 Armour
 - Level 0.2 Stealth
 + Level 4.3 Shields


You had 4 spell levels left.
You didn't know any spells.
Your spell library contained the following spells:

 Spells                   Type           Power      Damage    Failure   Level
 Ensorcelled Hibernation  Hex/Ice        0%         N/A       100%        2
 Passwall                 Tmut/Erth      0%         N/A       100%        2
 Swiftness                Air            0%         N/A       100%        3


Dungeon Overview and Level Annotations

Branches:
Dungeon (4/15)
 Temple: D:4-7

Altars:

Shops:
D:1 *?=

Annotations:
D:4 Natasha


Innate Abilities, Weirdness & Mutations

You are immune to sickness and miasma.
Your stone body is resilient. (AC +4)
You are immune to poison.
You resist negative energy. (rN+)
You are resistant to electric shocks. (rElec)
You are resistant to unholy torment.
You are immune to petrification.


Message History

You resist with some effort.
Unknown command.
You closely miss the orc wizard.
The orc wizard is moderately wounded.
You hit the orc. You slash the goblin!
You kill the goblin!
You miss Natasha. The orc hits you with a +0 mace.
* * * LOW HITPOINT WARNING * * *
The orc priest calls upon Beogh to heal the orc.
The orc's wounds heal themselves!
Natasha barely misses you. You block the orc wizard's attack.
The orc barely misses you.
You slash the orc wizard!
The orc wizard is almost dead.
You hit the orc. You barely miss Natasha. You block the orc priest's attack.
Natasha claws you but does no damage. The orc wizard closely misses you.
The orc hits you but does no damage.
The orc priest hits you but does no damage.
Natasha claws you but does no damage.
The orc wizard hits you but does no damage.
Unknown command.
You slash the orc wizard!
You kill the orc wizard!
You hit the orc.
You kill the orc!
You hit Natasha but do no damage. You block the orc priest's attack.
Natasha claws you but does no damage. The orc priest closely misses you.
Natasha claws you but does no damage.
Things that are here:
a +0 dagger; a +0 robe Unknown command.
The orc priest hits you from afar with a +0 trident.
* * * LOW HITPOINT WARNING * * *
Natasha casts a spell at you.
You feel yourself slow down.
You see here a hobgoblin corpse.
The orc priest closely misses you. The orc priest barely misses you.
You barely miss the orc priest.
Natasha stares at you and mumbles some strange words.
The magic dart hits you.
You die...

# ..### ###...... . .
....####...##.## ..#.
#........#...... .
...####..##......##.## ..
.........#...## #.##
...#####....#.....#####...
#............#.......##[
..#....)†)..[..#.#####.###
.......h)@###............#
##..<...)o# ##..........†.
##.......# ##......#....
#...$...# #...########
#........ #....#
#......... ...##.#
#.......#####.. .#
#.......# #.. .# ##. .#


You could see an orc priest and Natasha.

Vanquished Creatures
  An orc priest (D:3)
  An orc wizard (D:4)
  6 gnolls
  3 adders
  4 worms
  6 orcs
  8 endoplasms
  2 giant cockroaches
  4 goblins
  5 hobgoblins
  6 jackals
  A quokka (D:1)
  A ball python (D:3)
  2 bats
  2 frilled lizards (D:2)
  2 kobolds
  6 rats
60 creatures vanquished.

Notes
Turn   | Place    | Note
-------+----------+-------------------------------------------
     0 | D:1      | bande the Gargoyle Fighter began the quest for the Orb.
     0 | D:1      | Reached XP level 1. HP: 14/14 MP: 1/1
   300 | D:1      | Reached XP level 2. HP: 19/19 MP: 2/2
   351 | D:1      | Found Jeon Egg's Magic Scroll Boutique.
   386 | D:1      | Found Xauras's General Store.
   872 | D:1      | Found Dyrramn's Jewellery Shoppe.
  1131 | D:2      | Reached XP level 3. HP: 22/23 MP: 3/3
  2501 | D:3      | HP: 1/34 [orc priest (4)]
  2503 | D:3      | Reached XP level 4. HP: 2/28 MP: 4/4
  2797 | D:3      | Found a faded altar of an unknown god.
  3186 | D:4      | Reached XP level 5. HP: 13/33 MP: 5/5
  4472 | D:4      | Noticed Natasha
  4489 | D:4      | Killed from afar by Natasha

Illustrated notes

Levels and vault maps discovered:
D:1:      grunt_arrival_lava_bath, layout_loops_corners, serial_shops,
          nicolae_diamond_shop, nicolae_square_shop, nicolae_shop_statue_plus
D:2:      layout_loops_ring, kennysheep_generic_room_5
D:3:      layout_basic, hellmonk_ecumenical_altar_leap_of_faith
D:4:      layout_rooms, lightli_temple_of_fire, uniq_natasha

Skill      XL: |  1  2  3  4 |
---------------+-------------+-----
Axes           | 2 3 |  3.6
Shields        | 4 |  4.3
Armour         | 4 |  4.4
Fighting       | |  3.8
Stealth        | |  0.2

Action                   |  1- 3 |  4- 6 || total
-------------------------+-------+-------++-------
Melee: War axe           |   108 |    78 ||   186
  Use: Scroll            |     4 |     4 ||     8
       Potion            |     1 |     1 ||     2
Armor: Scale mail        |    57 |    68 ||   125
       Chain mail        |       |    49 ||    49
Dodge: Dodged            |    45 |    60 ||   105
Block: Buckler           |    33 |    44 ||    77
